 Dungeon Crawl Stone Soup version 0.29-a0-973-gac7da5f7f0 (webtiles) character file.

Game seed: 2011990485685500700

152 purpskrrrp the Covert (level 5, 0/49 HPs)
             Began as a Naga Monk on Aug 1, 2022.
             Slain by a gnoll sergeant
             ... wielding a +1 spear of venom
              (8 damage)
             ... on level 4 of the Dungeon.
             The game lasted 00:05:10 (2594 turns).

purpskrrrp the Covert (Naga Monk)                   Turns: 2594, Time: 00:05:12

Health: 0/49       AC:  7    Str: 14    XL:     5   Next: 34%
Magic:  5/5        EV:  7    Int: 10    God:
Gold:   88         SH:  0    Dex: 15    Spells: 4/4 levels left

rFire   x . .      SeeInvis +   a - +1 falchion
rCold   + . .      Faith    .   (no shield)
rNeg    . . .      Spirit   .   d - +0 scale mail
rPois   +          Reflect  .   o - +0 helmet
rElec   .          Harm     .   e - +0 cloak
rCorr   .          Rampage  .   l - +0 pair of gloves
Will    .....                   (no barding)
Stlth   ..........              (no amulet)
HPRegen 0.16/turn               m - ring of ice
MPRegen 0.09/turn               (no ring)

@: confused, lethally poisoned (0 -> -10), short of breath, ambrosia-drunk, very
slow
A: AC +1, large, see invisible, deformed body, poison resistance, slowness 2,
spit poison 1, naga tail 1
a: Spit Poison


You were on level 4 of the Dungeon.
You visited 1 branch of the dungeon, and saw 3 of its levels.

You collected 88 gold pieces.

Inventory:

Hand Weapons
 a - a +1 falchion (weapon)
Armour
 b - a +0 robe
 d - a +0 scale mail (worn)
 e - a +0 cloak (worn)
 l - a +0 pair of gloves (worn)
 o - a +0 helmet (worn)
Jewellery
 m - a ring of ice (left hand)
Scrolls
 f - a scroll of enchant armour {unknown}
 g - a scroll of noise {unknown}
 k - a scroll of silence {unknown}
 n - a scroll of butterflies {unknown}
Potions
 h - a potion of heal wounds {unknown}
 i - a potion of degeneration {unknown}
 j - a potion of berserk rage {unknown}
 p - a potion of curing {unknown}


   Skills:
 - Level 3.0 Fighting
 - Level 3.0 Long Blades
 - Level 2.4 Dodging
 + Level 8.3 Stealth


You had 4 spell levels left.
You didn't know any spells.
Your spell library contained the following spells:

 Spells                   Type           Power      Damage    Failure   Level
 Freeze                   Ice            0%         1d3       86%         1
 Frozen Ramparts          Ice            0%         1d2       99%         3
 Portal Projectile        Hex/Tloc       0%         N/A       99%         3
 Tukima's Dance           Hex            0%         N/A       99%         3
 Hailstorm                Conj/Ice       0%         3d3       100%        4
 Blade Hands              Tmut           0%         N/A       100%        5


Dungeon Overview and Level Annotations

Branches:
Dungeon (2/15)

Altars:

Shops:
D:1 *


Innate Abilities, Weirdness & Mutations

Your serpentine skin is tough. (AC +1)
You have supernaturally acute eyesight. (SInv)
Armour fits poorly on your strangely shaped body.
Your system is resistant to poisons. (rPois)
You cover ground very slowly.
You can spit poison.
You have a snake-like lower body.


Message History

The gnoll barely misses you.
You hit the gnoll.
You kill the gnoll!
The gnoll sergeant barely misses you.
A gnoll comes into view. It is wielding a +0 spear.
The gnoll sergeant hits you with a +1 spear of venom.
You are poisoned.
The gnoll sergeant hits you with a +1 spear of venom.
You see here a +0 flail.
You hit the gnoll sergeant but do no damage.
You feel very sick.
The gnoll sergeant hits you with a +1 spear of venom.
You are too injured to fight recklessly!
You are too injured to fight recklessly!
You are too injured to fight recklessly!
Aiming: Spit Poison (1% risk of failure)
Press: ? - help, Q - select action Shift-Dir - straight line, f - gnoll sergeant
Aim: a gnoll sergeant, wielding a +1 spear of venom, wearing a +0 ring mail and wearing a +0 kite shield (75% to hit)
The gnoll sergeant blocks the splash of poison.
You feel sick.
The gnoll sergeant hits you with a +1 spear of venom.
You hit the gnoll sergeant.
The gnoll sergeant is lightly wounded.
You feel sick.
The gnoll shouts!
The gnoll sergeant completely misses you.
You slash the gnoll sergeant!
The gnoll sergeant is heavily wounded.
You feel sick.
The gnoll sergeant hits you with a +1 spear of venom.
* * * LOW HITPOINT WARNING * * *
You are lethally poisoned!
A gnoll comes into view. It is wielding a +0 flail.
You are confused.
You feel invigorated.
* * * LOW HITPOINT WARNING * * *
You feel very sick.
The gnoll shouts!
The gnoll sergeant hits you with a +1 spear of venom!
You die...

.............# #....#
.............#..g...#....#
.............#.....##....#
....#'##.....#...g.#######
....#..#.....#.....!#
....#..#.....#......#
....#..'.....#......#
....#..#.....#..g...#
....#..#######..@...#
....#..##...........#
....#####...........#
....#...............#
....#..# ...##..$...#
....'..####+##......#
....#<..............#
....#.............?.#
....#..##...##......#


You could see a gnoll sergeant and 2 gnolls.

Vanquished Creatures
  A black bear (D:4)
  A gnoll (D:4)
  3 dart slugs
  A ball python (D:2)
  6 endoplasms
  6 goblins
  4 hobgoblins
  4 quokkas
  2 bats (D:1)
  2 frilled lizards
  5 kobolds
  6 rats
41 creatures vanquished.

Notes
Turn   | Place    | Note
-------+----------+-------------------------------------------
     0 | D:1      | purpskrrrp the Naga Monk began the quest for the Orb.
     0 | D:1      | Reached XP level 1. HP: 21/21 MP: 1/1
   180 | D:1      | HP: 1/21 [dart slug/slug dart (5)]
   183 | D:1      | Reached XP level 2. HP: 2/28 MP: 2/2
   521 | D:1      | Reached skill level 4 in Stealth
   855 | D:1      | Reached skill level 5 in Stealth
   911 | D:1      | Found Guemoeki's General Store.
   928 | D:1      | Reached XP level 3. HP: 25/34 MP: 3/3
  1805 | D:2      | Reached skill level 6 in Stealth
  1861 | D:2      | You fall into a shaft and drop 2 floors!
  1884 | D:4      | Noticed a black bear
  1892 | D:4      | Killed a black bear
  1893 | D:4      | Reached skill level 8 in Stealth
  1893 | D:4      | Reached XP level 4. HP: 4/42 MP: 4/4
  1893 | D:4      | Reached XP level 5. HP: 5/49 MP: 5/5
  2594 | D:4      | Slain by a gnoll sergeant

Illustrated notes

Levels and vault maps discovered:
D:1:      minmay_arrival_plants_in_alcoves, layout_basic, serial_shops,
          nicolae_square_shop, minmay_tripent
D:2:      layout_basic, dreamdust_mushroom_princess, kennysheep_generic_room_9
D:4:      layout_gridville

Skill      XL: |  1  2  3 |
---------------+----------+-----
Stealth        | 5 8 |  8.3
Fighting       | |  3.0
Long Blades    | |  3.0
Dodging        | |  2.4

Action                   |  1- 3 |  4- 6 || total
-------------------------+-------+-------++-------
Melee: Falchion          |    96 |    16 ||   112
       Punch             |     2 |       ||     2
 Abil: Spit Poison       |     4 |     1 ||     5
  Use: Scroll            |     3 |       ||     3
       Potion            |       |     1 ||     1
 Stab: Sleeping          |     4 |     1 ||     5
Armor: Scale mail        |    46 |     6 ||    52
       Robe              |     1 |       ||     1
Dodge: Dodged            |    28 |     5 ||    33

Table legend: (Time is in decaauts)
 A = Elapsed time spent in this place.
 B = Non-inter-level travel time spent in this place.
 C = Inter-level travel time spent in this place.
 D = Time resting spent in this place.
 E = Time spent auto-exploring this place.
 F = Levels seen in this place.
 G = Mean time per level.
                   A        B        C        D        E       F      G
               +--------+--------+--------+--------+--------+-----+--------+
         Total |   3100 |   3074 |     26 |    560 |   2076 |   3 | 1033.3 |
       Dungeon |   3100 |   3074 |     26 |    560 |   2076 |   3 | 1033.3 |
               +--------+--------+--------+--------+--------+-----+--------+

Top non-repeatable levels by time:
     D:1: 1417 daAuts
     D:4: 889 daAuts
     D:2: 793 daAuts
